 Dungeon Crawl Stone Soup version 0.29.0-4-gdea44cf6ec (webtiles) character file.

Game seed: 6381056181011531985

233671 qw the Peltast (level 19, -38/125 HPs)
             Began as a Gargoyle Fighter on Sept 6, 2022.
             Was a High Priest of Okawaru.
             Annihilated by a vault warden
             ... wielding a +2 bardiche of venom
              (40 damage)
             ... on level 1 of the Vaults.
             The game lasted 00:16:56 (28998 turns).

qw the Peltast (Gargoyle Fighter)                  Turns: 28998, Time: 00:16:56

Health: -38/125    AC: 54    Str: 35    XL:     19   Next: 57%
Magic:  25/26      EV: 12    Int: 12    God:    Okawaru [*****.]
Gold:   1813       SH: 22    Dex:  9    Spells: 18/18 levels left

rFire   . . .      SeeInvis +   e - +4 broad axe of Burning Responsibility {speed, rN+}
rCold   + . .      Faith    .   w - +0 tower shield of Fun and Games {Will+}
rNeg    + + +      Spirit   .   H - +7 storm dragon scales of Iresuc {rElec Will+ Int+7}
rPois   inf        Reflect  .   C - +2 helmet
rElec   +          Harm     .   y - +2 cloak of the Thief {*Fog Slay-2 SInv Stlth+}
rCorr   .          Rampage  .   l - +2 pair of gloves
Will    ++++.                   x - +1 pair of boots "Qotoefi" {rN+}
Stlth   +.........              f - amulet "Luiwyos" {Acrobat Regen+ Str+8 Int-5}
HPRegen 1.10/turn               o - ring of willpower
MPRegen 0.20/turn               q - ring of protection from cold

@: about to teleport, heroic, flying
A: sickness immunity, AC +14, big wings, negative energy resistance 1,
electricity resistance, torment resistance 1, petrification resistance
}: 1/15 runes: decaying
a: Renounce Religion, Heroism, Finesse, Duel


You were on level 1 of the Vaults.
You worshipped Okawaru.
Okawaru was extremely pleased with you.
You visited 7 branches of the dungeon, and saw 31 of its levels.
You also visited: Ossuary.

You collected 3902 gold pieces.
You spent 2089 gold pieces at shops.


Innate Abilities, Weirdness & Mutations

You are immune to sickness and miasma.
Your stone body is resilient. (AC +14)
You are immune to poison.
Your large and strong wings let you fly.
You resist negative energy. (rN+)
You are resistant to electric shocks. (rElec)
You are resistant to unholy torment.
You are immune to petrification.


   Skills:
 - Level 16.0(21.0) Fighting
 - Level 18.0(23.0) Axes
 - Level 9.0(14.0) Throwing
 + Level 14.3(19.3) Armour
 - Level 6.0(11.0) Dodging
 - Level 18.8(23.8) Shields
 - Level 10.0 Invocations


You had 18 spell levels left.
You didn't know any spells.
Your spell library was empty.

Inventory:

Hand Weapons
 e - the +4 broad axe of Burning Responsibility (weapon) {speed, rN+}
   (You acquired it in an ossuary)

   Attacks with this weapon are significantly faster.
   rN:        It protects you from negative energy.
Missiles
 s - a silver javelin (quivered)
 u - 18 boomerangs
 J - 9 javelins
Armour
 c - the +0 helmet of the Eagle {Slay+3}
   (You bought it in a shop on level 1 of the Vaults)

   Slay:      It affects your accuracy & damage with ranged weapons and melee
   (+3).
 k - a +2 helmet of see invisible
 l - a +2 pair of gloves (worn)
 w - the +0 tower shield of Fun and Games (worn) {Will+}
   (You found it on level 4 of the Lair of Beasts)

   Will:      It increases your willpower.
 x - the +1 pair of boots "Qotoefi" (worn) {rN+}
   (Okawaru gifted it to you on level 4 of the Lair of Beasts)

   rN:        It protects you from negative energy.
 y - the +2 cloak of the Thief (worn) {*Fog Slay-2 SInv Stlth+}
   (Okawaru gifted it to you on level 5 of the Lair of Beasts)

   It may release a thick cloud of smoke when the wearer is hurt.
   Slay:      It affects your accuracy & damage with ranged weapons and melee
   (-2).
   SInv:      It lets you see invisible.
   Stlth:     It makes you more stealthy.
 C - a +2 helmet (worn)
 F - a +2 plate armour of fire resistance
 H - the +7 storm dragon scales of Iresuc (worn) {rElec Will+ Int+7}
   (Okawaru gifted it to you on level 1 of the Swamp)

   Int:       It affects your intelligence (+7).
   rElec:     It insulates you from electricity.
   Will:      It increases your willpower.
Jewellery
 f - the amulet "Luiwyos" (around neck) {Acrobat Regen+ Str+8 Int-5}
   (You found it on level 5 of the Dungeon)

   [amulet of the acrobat]

   It increases your evasion while moving and waiting.
   Str:       It affects your strength (+8).
   Int:       It affects your intelligence (-5).
   Regen:     It increases your rate of health regeneration.
 h - a ring of see invisible
 i - a ring of see invisible
 o - a ring of willpower (left hand)
 q - a ring of protection from cold (right hand)
 B - a ring of ice
 Y - a +6 ring of dexterity
Scrolls
 a - 5 scrolls of fog
 j - 20 scrolls of identify
 n - 10 scrolls of teleportation
 v - 4 scrolls of brand weapon
 A - 3 scrolls of blinking
 D - 4 scrolls of enchant armour
 I - a scroll of enchant weapon
Potions
 b - 10 potions of lignification
 d - 8 potions of might
 g - 8 potions of heal wounds
 m - 6 potions of haste
 p - 8 potions of curing
 r - 10 potions of attraction
 t - 3 potions of resistance
 z - 2 potions of mutation

Dungeon Overview and Level Annotations

Branches:
Dungeon (15/15)            Temple (1/1) D:6            Lair (5/5) D:8
  Swamp (4/4) Lair:2       Spider (3/4) Lair:2        Slime (0/5) Lair:5
    Orc (2/2) D:10            Elf (0/3) Orc:2        Vaults (1/5) D:13
 Depths (0/4) D:15        Ossuary (visited)

Altars:
Ashenzari
Cheibriados
Dithmenos
Elyvilon
Fedhas
Gozag
Hepliaklqana
Kikubaaqudgha
Makhleb
Nemelex Xobeh
Okawaru
Qazlal
Ru
Sif Muna
Trog
Uskayaw
Vehumet
Wu Jian
Xom
Yredelemnul
Zin
The Shining One
Jiyva

Shops:
D:6 *   D:7 [   D:9 [   Orc:2 :*!*   Vaults:1 [

Annotations:
Swamp:3 2 transporters, qw's ghost, adept TeWr


Message History

You slash the vault sentinel! You block the vault warden's attack.
You block the vault guard's attack.
The ironbound convoker hits you but does no damage.
You block the vault sentinel's attack.
The vault guard hits you with a +0 great mace!
You slash the vault guard!
The vault guard is almost dead.
You barely miss the vault sentinel.
You hit the ironbound convoker but do no damage.
You slice the vault guard!!
You kill the vault guard!
Okawaru accepts your kill.
You closely miss the vault sentinel. You slice the ironbound convoker!!
You block the vault warden's attack. You block the vault guard's attack.
You block the vault sentinel's attack.
The ironbound convoker hits you but does no damage.
You slice the vault sentinel!!
You kill the vault sentinel!
Okawaru accepts your kill.
You slice the ironbound convoker!! You slash the ironbound convoker!
You kill the ironbound convoker!
Okawaru accepts your kill. You block the vault warden's attack.
You block the vault guard's attack.
The vault warden activates a sealing rune.
A door slams shut!
The vault guard closely misses you.
Things that are here:
a +0 great mace; a +0 chain mail; a human corpse You completely miss the vault warden.
You slash the vault guard! You hit the vault guard.
The vault guard is lightly wounded.
You hit the vault warden but do no damage.
The vault warden hits you with a +2 bardiche of venom!!!
With a swish of your cloak, you release a cloud of fog.
You block the vault guard's attack.
28998 ||| READING 11 scrolls of teleportation.
As you read the scroll of teleportation, it crumbles to dust.
You feel strangely unstable.
The vault warden hits you with a +2 bardiche of venom!!!
You die...

#.......................... .
#.#################..##########
#.# #..#.........
#.#################..#...#.>.#.
#.#.....#..#.....##..#...#...#.
#.#.....)..#.....##..#.###...##
#.#.....#..#¤¤¤¤¤##..#.........
#.#}....#..#¤p¤¤$##..#.........
#.#.....#..#¤p@¤¤##..#.........
#.#######..####+###..#.###...##
#.#..........¤¤¤¤##..#...#...#.
#.#..........¤¤¤¤##..#)..#...#.
#.##'####..########.)))........
#.#.[...#..#.....##..##########
#.#.....#..#¤¤¤..##..#
#.#.....#.[#¤¤...##..#
#.#.....#.)'¤¤...##..#


You could see a vault warden (strong) and a vault guard.

Vanquished Creatures
  the Lernaean hydra (Swamp:4)
  Frances (Spider:1)
  A fenstrider witch (Swamp:4)
  Donald (Orc:2)
  4 emperor scorpions (Spider:3)
  Aizul (Spider:3)
  A vault warden (Vaults:1)
  2 frost giants (Vaults:1)
  2 ghost moths
  2 ghouls (Swamp:4)
  9 ironbound preservers (Vaults:1)
  An ironbound thunderhulk (Vaults:1)
  9 eleionomae
  Azrael (D:15)
  An entropy weaver (Spider:3)
  3 spark wasps
  A bunyip (Swamp:2)
  4 fire dragons
  Fannar (D:11)
  Josephine (Orc:2)
  3 yaktaur captains
  2 shambling mangroves
  3 vault guards (Vaults:1)
  A rakshasa (D:14)
  25 hydras
  A jorogumo (Spider:1)
  6 ironbound frosthearts (Vaults:1)
  7 boulder beetles
  5 centaur warriors
  A radroach (Spider:2)
  9 alligators
  2 two-headed ogres
  Erica (Lair:2)
  A jorogumo (shapeshifter) (Vaults:1)
  2 tengu warriors
  6 orc high priests
  9 death yaks (D:8)
  Sonja (Orc:2)
  Amaemon (Lair:2)
  8 orb spiders
  8 pharaoh ants
  4 skeletal warriors (D:15)
  A sun moth (Spider:1)
  20 deep trolls (Vaults:1)
  4 goliath frogs
  A spriggan druid (Swamp:3)
  9 swamp dragons
  4 steelbarb worms
  2 ironbound convokers (Vaults:1)
  3 bog bodies
  9 orc knights
  2 necromancers (Vaults:1)
  6 lindwurms (Vaults:1)
  3 harpies (Vaults:1)
  5 manticores
  21 ugly things
  7 will-o-the-wisps
  3 deep elf pyromancers
  An oklob plant (Lair:3)
  5 cyclopes
  3 orc sorcerers (Orc:2)
  11 wolf spiders
  A stone giant skeleton (Vaults:1)
  14 elephants
  4 moths of wrath
  5 torpor snails
  An orange demon (Lair:2)
  9 black mambas
  A guardian serpent (Lair:5)
  13 cane toads
  2 vault sentinels (Vaults:1)
  2 yaktaur zombies (Vaults:1)
  5 demonic crawlers
  6 komodo dragons
  15 rime drakes
  An unseen horror (D:11)
  A tengu conjurer (D:14)
  13 yaktaurs
  6 meliai
  6 trolls
  4 human zombies (Vaults:1)
  A meliai (shapeshifter) (D:14)
  30 tarantellas
  15 hornets
  7 tyrant leeches
  8 polar bears
  A tarantella (shapeshifter) (D:15)
  22 dream sheep
  19 blink frogs
  7 slime creatures
  10 culicivoras
  Sigmund (D:3)
  2 shadows (D:11)
  14 jumping spiders
  9 spriggans
  71 yaks
  12 wyverns
  9 wraiths
  A yak (shapeshifter) (D:15)
  2 vampires
  6 basilisks
  3 fire elementals (D:15)
  13 steam dragons
  22 vampire mosquitoes
  43 redbacks
  3 wargs
  15 swamp worms
  4 acid dragons
  33 water moccasins
  3 hell hounds (D:15)
  2 black bears
  3 ice beasts
  9 swamp drakes
  A sky beast (D:6)
  27 orc warriors
  7 ogres
  8 centaurs
  24 wolves
  A phantom (D:4)
  2 kobold brigands (D:8)
  An elf zombie (D:7)
  10 bullfrogs
  3 necrophages (Swamp:4)
  3 elf skeletons
  3 scorpions
  7 wights
  7 killer bees (D:9)
  6 howler monkeys
  A crimson imp (D:5)
  9 centaur zombies
  A human simulacrum (Vaults:1)
  7 hounds
  26 orc priests
  2 jellies
  A human skeleton (D:7)
  10 iguanas
  29 orc wizards
  9 adders
  2 gnolls (Orc:2)
  A shadow imp (D:7)
  3 white imps
  3 ufetubi
  2 adder zombies (Ossuary)
  A worm (D:3)
  4 dart slugs
  97 orcs
  3 bats
  7 endoplasms
  6 giant cockroaches
  19 goblins
  11 hobgoblins
  3 jackals (D:3)
  6 kobolds
  2 quokkas
  4 ball pythons
  A ball python skeleton (Ossuary)
  A frilled lizard (D:3)
  A hobgoblin skeleton (Ossuary)
  A hobgoblin zombie (Ossuary)
  7 orc skeletons
  4 orc zombies
  3 rats
  2 butterflies (Lair:3)
1181 creatures vanquished.

Vanquished Creatures (others)
  A torpor snail (Spider:2)
  2 bloated husks (Swamp:2)
  A swamp worm (Swamp:2)
  A bush (Lair:3)
  28 foxfires
  52 fungi
  70 plants
  A withered plant (D:11)
156 creatures vanquished.

Grand Total: 1337 creatures vanquished

Notes
Turn   | Place    | Note
-------+----------+-------------------------------------------
     0 | D:1      | qw the Gargoyle Fighter began the quest for the Orb.
     0 | D:1      | Reached XP level 1. HP: 14/14 MP: 1/1
     0 | D:1      | 0 ||| qw: Version: 0.1-a-108-g9e35731
     0 | D:1      | 0 ||| qw: Game counter: 6366
     0 | D:1      | 0 ||| qw: Always use a shield: true
     0 | D:1      | 0 ||| qw: God list: Okawaru
     0 | D:1      | 0 ||| qw: Allow faded altars: false
     0 | D:1      | 0 ||| qw: Do Orc after D:15 true
     0 | D:1      | 0 ||| qw: Do second Lair branch before Depths: true
     0 | D:1      | 0 ||| qw: Lair rune preference: random
     0 | D:1      | 0 ||| qw: Plans: Normal, Zot, God:TSO, Crypt, Tomb, Zig,
                  | Orb
     0 | D:1      | 0 ||| PLANNING D:1-11
   122 | D:1      | 122 ||| Stepping ~*~*~tactically~*~*~ (hiding).
   282 | D:1      | Reached XP level 2. HP: 19/19 MP: 2/2
   293 | D:1      | Found a faded altar of an unknown god.
   778 | D:1      | 778 ||| UPGRADING to ring of see invisible.
   779 | D:1      | 779 ||| READING 3 scrolls labelled DUVEOP IPTEKHUF.
   780 | D:1      | 780 ||| READING scroll labelled VINIJ WAIMP.
   781 | D:1      | 781 ||| READING scroll labelled ILOT BAWNYNY.
   782 | D:1      | 782 ||| DRINKING 2 sedimented inky potions.
   947 | D:2      | Found a glowing golden altar of the Shining One.
  1001 | D:2      | Reached skill level 3 in Axes
  1059 | D:2      | 1059 ||| FLEEEEING.
  1060 | D:2      | 1060 ||| FLEEEEING.
  1061 | D:2      | 1061 ||| FLEEEEING.
  1062 | D:2      | 1062 ||| FLEEEEING.
  1064 | D:2      | 1064 ||| FLEEEEING.
  1065 | D:2      | 1065 ||| FLEEEEING.
  1066 | D:2      | 1066 ||| FLEEEEING.
  1067 | D:2      | 1067 ||| FLEEEEING.
  1069 | D:2      | 1069 ||| FLEEEEING.
  1073 | D:2      | 1073 ||| FLEEEEING.
  1074 | D:2      | 1074 ||| FLEEEEING.
  1075 | D:2      | 1075 ||| FLEEEEING.
  1076 | D:2      | 1076 ||| FLEEEEING.
  1080 | D:2      | 1080 ||| FLEEEEING.
  1081 | D:2      | 1081 ||| FLEEEEING.
  1082 | D:2      | 1082 ||| FLEEEEING.
  1083 | D:2      | 1083 ||| FLEEEEING.
  1091 | D:2      | Reached XP level 3. HP: 22/23 MP: 3/3
  1329 | D:2      | 1329 ||| READING 2 scrolls labelled FAOPSO HEFUMM.
  1334 | D:2      | 1334 ||| READING 3 scrolls labelled XUZUEH WIRIGOAX.
  1335 | D:2      | 1335 ||| READING scroll labelled WANLO UCROGENG.
  1336 | D:2      | 1336 ||| DRINKING 2 orange potions.
  1337 | D:2      | 1337 ||| READING 2 scrolls of identify.
  1337 | D:2      | 1337 ||| IDENTIFYING glowing silvery potion
  1338 | D:2      | 1338 ||| DROPPING potion of degeneration.
  1339 | D:2      | 1339 ||| DROPPING potion of flight.
  1410 | D:3      | 1410 ||| Stepping ~*~*~tactically~*~*~ (stealth).
  1413 | D:3      | 1413 ||| Stepping ~*~*~tactically~*~*~ (stealth).
  1460 | D:3      | 1460 ||| Stepping ~*~*~tactically~*~*~ (stealth).
  1461 | D:3      | 1461 ||| Stepping ~*~*~tactically~*~*~ (stealth).
  1523 | D:3      | Reached XP level 4. HP: 14/28 MP: 4/4
  1673 | D:3      | 1673 ||| DROPPING +0 mace.
  1842 | D:3      | 1842 ||| Stepping ~*~*~tactically~*~*~ (hiding).
  1860 | D:3      | Noticed Sigmund
  1876 | D:3      | Killed Sigmund
  1877 | D:3      | Reached XP level 5. HP: 30/32 MP: 5/5
  1877 | D:3      | Reached XP level 6. HP: 35/37 MP: 6/6
  2082 | D:3      | 2082 ||| UPGRADING to +0 chain mail.
  2092 | D:3      | 2092 ||| DROPPING +0 scale mail.
  2093 | D:3      | 2093 ||| UPGRADING to +0 pair of gloves.
  2098 | D:3      | 2098 ||| READING 2 scrolls of enchant armour.
  2098 | D:3      | 2098 ||| ENCHANTING +0 pair of gloves.
  2099 | D:3      | 2099 ||| READING scroll of enchant armour.
  2099 | D:3      | 2099 ||| ENCHANTING +1 pair of gloves.
  2100 | D:3      | 2100 ||| DROPPING ring of flight.
  2101 | D:3      | 2101 ||| READING scroll labelled NEOPUNTU ZUUF.
  2102 | D:3      | 2102 ||| READING scroll labelled WIDO ZOG MIAT.
  2103 | D:3      | 2103 ||| READING scroll labelled DOQYUC TAWK.
  2104 | D:3      | 2104 ||| DRINKING 2 grey potions.
  2105 | D:3      | 2105 ||| READING 3 scrolls of identify.
  2105 | D:3      | 2105 ||| IDENTIFYING emerald potion
  2155 | D:4      | 2155 ||| Stepping ~*~*~tactically~*~*~ (stealth).
  2507 | D:4      | Reached skill level 6 in Axes
  2594 | D:4      | Reached skill level 1 in Dodging
  2594 | D:4      | Reached XP level 7. HP: 42/43 MP: 7/7
  2904 | D:4      | 2904 ||| DROPPING amulet of faith.
  2905 | D:4      | 2905 ||| READING 2 scrolls of identify.
  2905 | D:4      | 2905 ||| IDENTIFYING fizzy inky potion
  2932 | D:5      | Entered Level 5 of the Dungeon
  3157 | D:5      | Identified the amulet "Luiwyos" {Acrobat Regen+ Str+8
                  | Int-5}
  3189 | D:5      | Reached skill level 1 in Throwing
  3189 | D:5      | Reached XP level 8. HP: 45/49 MP: 8/8
  3363 | D:5      | 3363 ||| Stepping ~*~*~tactically~*~*~ (hiding).
  3364 | D:5      | 3364 ||| Stepping ~*~*~tactically~*~*~ (hiding).
  3365 | D:5      | 3365 ||| Stepping ~*~*~tactically~*~*~ (hiding).
  3366 | D:5      | 3366 ||| Stepping ~*~*~tactically~*~*~ (hiding).
  3369 | D:5      | 3369 ||| Stepping ~*~*~tactically~*~*~ (hiding).
  3423 | D:5      | Found a shimmering blue altar of Sif Muna.
  3461 | D:5      | 3461 ||| Stepping ~*~*~tactically~*~*~ (stealth).
  3462 | D:5      | 3462 ||| Stepping ~*~*~tactically~*~*~ (stealth).
  3487 | D:5      | 3487 ||| Stepping ~*~*~tactically~*~*~ (hiding).
  3489 | D:5      | 3489 ||| Stepping ~*~*~tactically~*~*~ (hiding).
  3559 | D:5      | HP: 2/49 [ogre/+0 giant club (14)]
  3560 | D:5      | 3560 ||| READING scroll of teleportation.
  3561 | D:5      | 3561 ||| DRINKING potion of heal wounds.
  3589 | D:5      | 3589 ||| FLEEEEING.
  3590 | D:5      | 3590 ||| FLEEEEING.
  3591 | D:5      | 3591 ||| FLEEEEING.
  3592 | D:5      | 3592 ||| STAIRDANCE
  3655 | D:4      | 3655 ||| DROPPING +1 pair of gloves.
  3656 | D:4      | 3656 ||| UPGRADING to +2 kite shield.
  3666 | D:4      | 3666 ||| DROPPING +0 buckler.
  3667 | D:4      | 3667 ||| UPGRADING to amulet "Luiwyos" {Acrobat Regen+
                  | Str+8 Int-5}.
  3674 | D:5      | 3674 ||| STAIRDANCE
  3681 | D:5      | 3681 ||| Stepping ~*~*~tactically~*~*~ (stealth).
  3748 | D:5      | Found a burning altar of Makhleb.
  3810 | D:5      | 3810 ||| Stepping ~*~*~tactically~*~*~ (stealth).
  3811 | D:5      | 3811 ||| Stepping ~*~*~tactically~*~*~ (stealth).
  3812 | D:5      | 3812 ||| Stepping ~*~*~tactically~*~*~ (stealth).
  3813 | D:5      | 3813 ||| Stepping ~*~*~tactically~*~*~ (stealth).
  3814 | D:5      | 3814 ||| Stepping ~*~*~tactically~*~*~ (stealth).
  3815 | D:5      | 3815 ||| Stepping ~*~*~tactically~*~*~ (stealth).
  3885 | D:6      | 3885 ||| STAIRDANCE
  3897 | D:5      | 3897 ||| UPGRADING to +0 plate armour.
  3907 | D:5      | 3907 ||| DROPPING +0 chain mail.
  3911 | D:6      | 3911 ||| STAIRDANCE
  3976 | D:6      | 3976 ||| Stepping ~*~*~tactically~*~*~ (stealth).
  3980 | D:6      | Reached skill level 6 in Shields
  3980 | D:6      | 3980 ||| FLEEEEING.
  3981 | D:6      | 3981 ||| FLEEEEING.
  3982 | D:6      | 3982 ||| FLEEEEING.
  3983 | D:6      | 3983 ||| FLEEEEING.
  3984 | D:6      | 3984 ||| FLEEEEING.
  3985 | D:6      | 3985 ||| FLEEEEING.
  3987 | D:6      | 3987 ||| STAIRDANCE
  4052 | D:6      | Found Sisigg's Assorted Antiques.
  4055 | D:6      | 4055 ||| BUYING bubbling ruby potion (21 gold).
  4055 | D:6      | Bought a bubbling ruby potion for 21 gold pieces
  4055 | D:6      | 4055 ||| BUYING potion of heal wounds (120 gold).
  4055 | D:6      | Bought a potion of heal wounds for 120 gold pieces
  4055 | D:6      | 4055 ||| SHOPLISTING scroll of enchant armour (180 gold,
                  | have 156).
  4201 | D:6      | Reached XP level 9. HP: 54/54 MP: 9/9
  4237 | D:6      | Found a staircase to the Ecumenical Temple.
  4251 | D:6      | 4251 ||| PLANNING TEMPLE
  4259 | Temple   | Entered the Ecumenical Temple
  4412 | Temple   | 4412 ||| PLANNING D:1-11
  4553 | D:6      | Found an iron altar of Okawaru.
  4588 | D:6      | Reached skill level 6 in Fighting
  4588 | D:6      | 4588 ||| FLEEEEING.
  4589 | D:6      | 4589 ||| FLEEEEING.
  4590 | D:6      | 4590 ||| FLEEEEING.
  4591 | D:6      | 4591 ||| FLEEEEING.
  4592 | D:6      | 4592 ||| FLEEEEING.
  4593 | D:6      | 4593 ||| FLEEEEING.
  4595 | D:6      | 4595 ||| FLEEEEING.
  4596 | D:6      | 4596 ||| FLEEEEING.
  4597 | D:6      | 4597 ||| FLEEEEING.
  4620 | D:6      | Became a worshipper of Warmaster Okawaru
  4768 | D:6      | 4768 ||| READING scroll labelled VATHRIE BOTIRU.
  4769 | D:6      | 4769 ||| DRINKING 2 bubbling ruby potions.
  4870 | D:6      | 4870 ||| DROPPING potion of ambrosia.
  4914 | D:7      | 4914 ||| PLANNING OSSUARY
  5022 | D:7      | 5022 ||| DRINKING 3 potions of curing.
  5022 | D:7      | 5022 ||| (to cure confusion)
  5030 | D:7      | 5030 ||| DRINKING 2 potions of curing.
  5030 | D:7      | 5030 ||| (to cure confusion)
  5096 | D:7      | Noticed a hornet
  5101 | D:7      | Killed a hornet
  5262 | D:7      | Found a sand-covered staircase.
  5267 | Ossuary  | Entered an ossuary
  5424 | Ossuary  | Reached * piety under Okawaru
  5559 | Ossuary  | 5559 ||| INVOKING Heroism.
  5605 | Ossuary  | Reached skill level 1 in Invocations
  5638 | Ossuary  | 5638 ||| READING scroll labelled SYNEOTY QOKOU.
  5639 | Ossuary  | 5639 ||| READING scroll labelled TOROIPS LOMPAL.
  5639 | Ossuary  | Identified a scroll of acquirement
  5639 | Ossuary  | 5639 ||| ACQUIRING +4 broad axe of Burning Responsibility
                  | {speed, rN+}
  5639 | Ossuary  | Acquired the +4 broad axe of Burning Responsibility {speed,
                  | rN+}
  5641 | Ossuary  | 5641 ||| SWAPPING to +4 broad axe of Burning Responsibility
                  | {speed, rN+}.
  5642 | Ossuary  | 5642 ||| DROPPING +1 war axe of protection.
  5643 | Ossuary  | 5643 ||| READING 3 scrolls of identify.
  5643 | Ossuary  | 5643 ||| IDENTIFYING fizzy dark potion
  5644 | Ossuary  | 5644 ||| READING 2 scrolls of identify.
  5644 | Ossuary  | 5644 ||| IDENTIFYING coppery potion
  5645 | Ossuary  | 5645 ||| DROPPING potion of brilliance.
  5695 | D:7      | 5695 ||| PLANNING D:1-11
  5764 | D:7      | Reached skill level 9 in Axes
  5764 | D:7      | 5764 ||| Stepping ~*~*~tactically~*~*~ (hiding).
  5902 | D:7      | 5902 ||| Stepping ~*~*~tactically~*~*~ (hiding).
  6013 | D:7      | Found Teufronkio's Antique Armour Shoppe.
  6022 | D:7      | 6022 ||| BUYING buzzing chain mail (171 gold).
  6022 | D:7      | Bought a buzzing chain mail for 171 gold pieces
  6022 | D:7      | Identified the +8 chain mail of the Sun {Slay+2} (You
                  | bought it in a shop on level 7 of the Dungeon)
  6022 | D:7      | 6022 ||| SHOPLISTING pair of embroidered boots (135 gold,
                  | have 77).
  6022 | D:7      | 6022 ||| SHOPLISTING pair of embroidered gloves (135 gold,
                  | have 77).
  6123 | D:7      | 6123 ||| DROPPING +0 flail.
  6290 | D:7      | 6290 ||| UPGRADING to +8 chain mail of the Sun {Slay+2}.
  6300 | D:7      | 6300 ||| DROPPING +0 plate armour.
  6301 | D:7      | 6301 ||| READING 3 scrolls labelled GESCHU NYPLUAMU.
  6302 | D:7      | 6302 ||| READING 2 scrolls of identify.
  6302 | D:7      | 6302 ||| IDENTIFYING bubbling inky potion
  6303 | D:7      | 6303 ||| DROPPING potion of berserk rage.
  6304 | D:7      | 6304 ||| DROPPING 2 scrolls of magic mapping.
  6543 | D:8      | Found a sacrificial altar of Ru.
  6556 | D:8      | 6556 ||| Stepping ~*~*~tactically~*~*~ (stealth).
  6571 | D:8      | Reached skill level 3 in Invocations
  6578 | D:8      | Noticed a death yak
  6579 | D:8      | Noticed a death yak
  6579 | D:8      | 6579 ||| Stepping ~*~*~tactically~*~*~ (stealth).
  6581 | D:8      | Noticed a death yak
  6581 | D:8      | Noticed a death yak
  6582 | D:8      | 6582 ||| Stepping ~*~*~tactically~*~*~ (stealth).
  6583 | D:8      | Noticed a death yak
  6583 | D:8      | Noticed a death yak
  6584 | D:8      | 6584 ||| Stepping ~*~*~tactically~*~*~ (stealth).
  6585 | D:8      | 6585 ||| INVOKING Heroism.
  6589 | D:8      | Noticed a death yak
  6590 | D:8      | 6590 ||| Stepping ~*~*~tactically~*~*~ (stealth).
  6595 | D:8      | Noticed a death yak
  6596 | D:8      | 6596 ||| Stepping ~*~*~tactically~*~*~ (stealth).
  6598 | D:8      | Killed a death yak
  6598 | D:8      | Reached ** piety under Okawaru
  6599 | D:8      | Reached XP level 10. HP: 40/63 MP: 10/13
  6606 | D:8      | Killed a death yak
  6607 | D:8      | Reached skill level 9 in Shields
  6612 | D:8      | 6612 ||| INVOKING Heroism.
  6613 | D:8      | Noticed a death yak
  6614 | D:8      | 6614 ||| Stepping ~*~*~tactically~*~*~ (stealth).
  6615 | D:8      | 6615 ||| Stepping ~*~*~tactically~*~*~ (stealth).
  6616 | D:8      | Killed a death yak
  6627 | D:8      | Killed a death yak
  6635 | D:8      | Killed a death yak
  6635 | D:8      | Reached *** piety under Okawaru
  6640 | D:8      | Killed a death yak
  6640 | D:8      | Reached **** piety under Okawaru
  6641 | D:8      | Reached XP level 11. HP: 32/68 MP: 12/14
  6652 | D:8      | Killed a death yak
  6660 | D:8      | 6660 ||| INVOKING Heroism.
  6661 | D:8      | Killed a death yak
  6662 | D:8      | Killed a death yak
  6663 | D:8      | Reached skill level 6 in Invocations
  6689 | D:8      | 6689 ||| Stepping ~*~*~tactically~*~*~ (stealth).
  6690 | D:8      | 6690 ||| Stepping ~*~*~tactically~*~*~ (stealth).
  6691 | D:8      | 6691 ||| Stepping ~*~*~tactically~*~*~ (stealth).
  6699 | D:8      | Found a staircase to the Lair.
  6706 | D:8      | 6706 ||| Stepping ~*~*~tactically~*~*~ (stealth).
  6902 | D:8      | 6902 ||| Stepping ~*~*~tactically~*~*~ (hiding).
  6903 | D:8      | 6903 ||| Stepping ~*~*~tactically~*~*~ (hiding).
  6904 | D:8      | 6904 ||| Stepping ~*~*~tactically~*~*~ (hiding).
  6906 | D:8      | 6906 ||| INVOKING Heroism.
  7070 | D:8      | 7070 ||| Stepping ~*~*~tactically~*~*~ (stealth).
  7071 | D:8      | 7071 ||| INVOKING Heroism.
  7271 | D:8      | 7271 ||| INVOKING Heroism.
  7272 | D:8      | 7272 ||| Stepping ~*~*~tactically~*~*~ (cloud).
  7273 | D:8      | 7273 ||| Stepping ~*~*~tactically~*~*~ (cloud).
  7302 | D:8      | Found a basalt altar of Yredelemnul.
  7305 | D:8      | Noticed a profane servitor
  7347 | D:8      | Found a glowing golden altar of the Shining One.
  7358 | D:8      | 7358 ||| PLANNING LAIR
  7399 | Lair:1   | Entered Level 1 of the Lair of Beasts
  7400 | Lair:1   | 7400 ||| INVOKING Heroism.
  7407 | Lair:1   | Reached ***** piety under Okawaru
  7448 | Lair:1   | 7448 ||| Stepping ~*~*~tactically~*~*~ (stealth).
  7449 | Lair:1   | 7449 ||| Stepping ~*~*~tactically~*~*~ (stealth).
  7452 | Lair:1   | 7452 ||| INVOKING Heroism.
  7460 | Lair:1   | Received a gift from Okawaru
  7572 | Lair:1   | 7572 ||| Stepping ~*~*~tactically~*~*~ (stealth).
  7574 | Lair:1   | 7574 ||| Stepping ~*~*~tactically~*~*~ (stealth).
  7575 | Lair:1   | 7575 ||| Stepping ~*~*~tactically~*~*~ (stealth).
  7576 | Lair:1   | 7576 ||| Stepping ~*~*~tactically~*~*~ (stealth).
  7578 | Lair:1   | 7578 ||| INVOKING Heroism.
  7581 | Lair:1   | 7581 ||| Stepping ~*~*~tactically~*~*~ (stealth).
  7582 | Lair:1   | 7582 ||| Stepping ~*~*~tactically~*~*~ (stealth).
  7643 | Lair:1   | 7643 ||| INVOKING Heroism.
  7800 | Lair:1   | Identified the +1 leather armour of Pragmatism {*Corrode
                  | rN++ Slay+2}
  7802 | Lair:1   | 7802 ||| INVOKING Heroism.
  7811 | Lair:1   | Reached XP level 12. HP: 75/75 MP: 16/18
  7819 | Lair:1   | Identified the +3 buckler "Kihyt" {rC+ Will+} (Okawaru
                  | gifted it to you on level 1 of the Lair of Beasts)
  7819 | Lair:1   | Received a gift from Okawaru
  7853 | Lair:1   | Reached skill level 9 in Fighting
  7853 | Lair:1   | Reached skill level 9 in Invocations
  8087 | Lair:1   | 8087 ||| INVOKING Heroism.
  8255 | Lair:1   | 8255 ||| READING scroll labelled SIXTITS HOGHIO.
  8256 | Lair:1   | 8256 ||| READING scroll labelled HURUUH CAORROKAC.
  8257 | Lair:1   | 8257 ||| READING scroll labelled DAEFIMP RYES.
  8289 | Lair:2   | Noticed Erica
  8290 | Lair:2   | Noticed Amaemon
  8291 | Lair:2   | 8291 ||| INVOKING Heroism.
  8292 | Lair:2   | 8292 ||| INVOKING Finesse.
  8299 | Lair:2   | Killed Erica
  8300 | Lair:2   | Reached skill level 6 in Armour
  8305 | Lair:2   | Killed Amaemon
  8412 | Lair:2   | 8412 ||| DROPPING +0 morningstar.
  8431 | Lair:2   | 8431 ||| Stepping ~*~*~tactically~*~*~ (stealth).
  8495 | Lair:2   | 8495 ||| INVOKING Heroism.
  8527 | Lair:2   | 8527 ||| Stepping ~*~*~tactically~*~*~ (stealth).
  8530 | Lair:2   | 8530 ||| Stepping ~*~*~tactically~*~*~ (stealth).
  8531 | Lair:2   | 8531 ||| Stepping ~*~*~tactically~*~*~ (stealth).
  8532 | Lair:2   | 8532 ||| INVOKING Heroism.
  8560 | Lair:2   | Found a staircase to the Swamp.
  8629 | Lair:2   | Noticed a seven-headed hydra
  8630 | Lair:2   | 8630 ||| INVOKING Heroism.
  8631 | Lair:2   | 8631 ||| INVOKING Finesse.
  8633 | Lair:2   | 8633 ||| SWAPPING to -2 demon whip of venom.
  8641 | Lair:2   | 8641 ||| Stepping ~*~*~tactically~*~*~ (outnumbered).
  8642 | Lair:2   | 8642 ||| Stepping ~*~*~tactically~*~*~ (outnumbered).
  8643 | Lair:2   | 8643 ||| Stepping ~*~*~tactically~*~*~ (outnumbered).
  8644 | Lair:2   | 8644 ||| Stepping ~*~*~tactically~*~*~ (outnumbered).
  8645 | Lair:2   | 8645 ||| Stepping ~*~*~tactically~*~*~ (outnumbered).
  8646 | Lair:2   | 8646 ||| Stepping ~*~*~tactically~*~*~ (outnumbered).
  8647 | Lair:2   | 8647 ||| Stepping ~*~*~tactically~*~*~ (outnumbered).
  8648 | Lair:2   | 8648 ||| Stepping ~*~*~tactically~*~*~ (outnumbered).
  8651 | Lair:2   | Killed a seven-headed hydra
  8652 | Lair:2   | Reached skill level 12 in Axes
  8652 | Lair:2   | 8652 ||| SWAPPING to +4 broad axe of Burning Responsibility
                  | {speed, rN+}.
  8727 | Lair:2   | 8727 ||| INVOKING Heroism.
  8728 | Lair:2   | 8728 ||| Stepping ~*~*~tactically~*~*~ (stealth).
  8770 | Lair:2   | 8770 ||| INVOKING Heroism.
  8869 | Lair:2   | 8869 ||| INVOKING Heroism.
  8921 | Lair:2   | 8921 ||| INVOKING Heroism.
  9055 | Lair:2   | Found a hole to the Spider Nest.
  9327 | Lair:2   | 9327 ||| UPGRADING to +6 ring of dexterity.
  9359 | Lair:3   | 9359 ||| INVOKING Heroism.
  9360 | Lair:3   | 9360 ||| Stepping ~*~*~tactically~*~*~ (stealth).
  9366 | Lair:3   | Reached XP level 13. HP: 82/82 MP: 17/20
  9372 | Lair:3   | Reached skill level 3 in Dodging
  9378 | Lair:3   | Received a gift from Okawaru
  9405 | Lair:3   | 9405 ||| DROPPING +0 broad axe of freezing.
  9409 | Lair:3   | 9409 ||| Stepping ~*~*~tactically~*~*~ (stealth).
  9476 | Lair:3   | 9476 ||| INVOKING Heroism.
  9513 | Lair:3   | 9513 ||| INVOKING Heroism.
  9552 | Lair:3   | 9552 ||| Stepping ~*~*~tactically~*~*~ (stealth).
  9589 | Lair:3   | 9589 ||| INVOKING Heroism.
  9590 | Lair:3   | 9590 ||| INVOKING Finesse.
  9655 | Lair:3   | 9655 ||| INVOKING Heroism.
  9656 | Lair:3   | 9656 ||| SWAPPING to -2 demon whip of venom.
  9657 | Lair:3   | 9657 ||| INVOKING Finesse.
  9668 | Lair:3   | 9668 ||| SWAPPING to +4 broad axe of Burning Responsibility
                  | {speed, rN+}.
  9795 | Lair:3   | 9795 ||| Stepping ~*~*~tactically~*~*~ (stealth).
  9797 | Lair:3   | 9797 ||| INVOKING Heroism.
  9802 | Lair:3   | 9802 ||| Stepping ~*~*~tactically~*~*~ (stealth).
  9883 | Lair:3   | 9883 ||| Stepping ~*~*~tactically~*~*~ (stealth).
  9884 | Lair:3   | 9884 ||| INVOKING Heroism.
 10176 | Lair:3   | 10176 ||| UPGRADING to +0 helmet.
 10181 | Lair:3   | 10181 ||| UPGRADING to ring of protection from cold.
 10183 | Lair:3   | 10183 ||| DRINKING 2 yellow potions.
 10202 | Lair:4   | 10202 ||| INVOKING Heroism.
 10203 | Lair:4   | 10203 ||| INVOKING Finesse.
 10226 | Lair:4   | 10226 ||| Stepping ~*~*~tactically~*~*~ (stealth).
 10285 | Lair:4   | 10285 ||| INVOKING Heroism.
 10410 | Lair:4   | Identified the +0 tower shield of Fun and Games {Will+}
 10434 | Lair:4   | 10434 ||| Stepping ~*~*~tactically~*~*~ (stealth).
 10436 | Lair:4   | 10436 ||| INVOKING Heroism.
 10459 | Lair:4   | Identified the +1 pair of boots "Qotoefi" {rN+} (Okawaru
                  | gifted it to you on level 4 of the Lair of Beasts)
 10459 | Lair:4   | Received a gift from Okawaru
 10570 | Lair:4   | 10570 ||| Stepping ~*~*~tactically~*~*~ (hiding).
 10578 | Lair:4   | 10578 ||| INVOKING Heroism.
 10585 | Lair:4   | 10585 ||| Stepping ~*~*~tactically~*~*~ (cloud).
 10606 | Lair:4   | Gained mutation: Your large and strong wings let you fly.
                  | [Gargoyle growth]
 10606 | Lair:4   | Reached XP level 14. HP: 35/90 MP: 21/21
 10611 | Lair:4   | 10611 ||| Stepping ~*~*~tactically~*~*~ (cloud).
 10636 | Lair:4   | 10636 ||| INVOKING Heroism.
 10727 | Lair:4   | Identified the +1 mace "Jeusomn" {vamp, rElec MP+9 Stlth+}
 10743 | Lair:4   | 10743 ||| Stepping ~*~*~tactically~*~*~ (stealth).
 10938 | Lair:4   | 10938 ||| Stepping ~*~*~tactically~*~*~ (stealth).
 10940 | Lair:4   | 10940 ||| Stepping ~*~*~tactically~*~*~ (stealth).
 10942 | Lair:4   | 10942 ||| INVOKING Heroism.
 10943 | Lair:4   | 10943 ||| INVOKING Finesse.
 10953 | Lair:4   | Reached skill level 12 in Shields
 10963 | Lair:4   | 10963 ||| Stepping ~*~*~tactically~*~*~ (hiding).
 11010 | Lair:4   | Identified the +8 demon blade "Uplam" {vamp, rF+ Str+7}
 11290 | Lair:4   | 11290 ||| UPGRADING to +0 tower shield of Fun and Games
                  | {Will+}.
 11300 | Lair:4   | 11300 ||| DROPPING +2 kite shield.
 11301 | Lair:4   | 11301 ||| UPGRADING to +1 pair of boots "Qotoefi" {rN+}.
 11342 | Lair:5   | Entered Level 5 of the Lair of Beasts
 11346 | Lair:5   | 11346 ||| STAIRDANCE
 11384 | Lair:5   | 11384 ||| Stepping ~*~*~tactically~*~*~ (stealth).
 11403 | Lair:5   | 11403 ||| Stepping ~*~*~tactically~*~*~ (stealth).
 11404 | Lair:5   | 11404 ||| Stepping ~*~*~tactically~*~*~ (stealth).
 11427 | Lair:5   | 11427 ||| Stepping ~*~*~tactically~*~*~ (stealth).
 11429 | Lair:5   | 11429 ||| Stepping ~*~*~tactically~*~*~ (stealth).
 11469 | Lair:5   | 11469 ||| INVOKING Heroism.
 11594 | Lair:5   | 11594 ||| INVOKING Heroism.
 11612 | Lair:5   | 11612 ||| Stepping ~*~*~tactically~*~*~ (stealth).
 11638 | Lair:5   | 11638 ||| Stepping ~*~*~tactically~*~*~ (stealth).
 11670 | Lair:5   | Received a gift from Okawaru
 11723 | Lair:5   | 11723 ||| Stepping ~*~*~tactically~*~*~ (hiding).
 11724 | Lair:5   | 11724 ||| Stepping ~*~*~tactically~*~*~ (hiding).
 11855 | Lair:5   | 11855 ||| INVOKING Heroism.
 11856 | Lair:5   | 11856 ||| INVOKING Finesse.
 11863 | Lair:5   | 11863 ||| SWAPPING to -2 demon whip of venom.
 11864 | Lair:5   | 11864 ||| Stepping ~*~*~tactically~*~*~ (outnumbered).
 11870 | Lair:5   | 11870 ||| Stepping ~*~*~tactically~*~*~ (outnumbered).
 11874 | Lair:5   | 11874 ||| Stepping ~*~*~tactically~*~*~ (outnumbered).
 11893 | Lair:5   | 11893 ||| SWAPPING to +4 broad axe of Burning
                  | Responsibility {speed, rN+}.
 11947 | Lair:5   | 11947 ||| Stepping ~*~*~tactically~*~*~ (cloud).
 12012 | Lair:5   | 12012 ||| Stepping ~*~*~tactically~*~*~ (stealth).
 12052 | Lair:5   | 12052 ||| Stepping ~*~*~tactically~*~*~ (stealth).
 12058 | Lair:5   | 12058 ||| Stepping ~*~*~tactically~*~*~ (stealth).
 12059 | Lair:5   | 12059 ||| Stepping ~*~*~tactically~*~*~ (stealth).
 12072 | Lair:5   | 12072 ||| INVOKING Heroism.
 12096 | Lair:5   | Found a staircase to the Slime Pits.
 12096 | Lair:5   | Found a viscous altar of Jiyva.
 12116 | Lair:5   | 12116 ||| INVOKING Heroism.
 12246 | Lair:5   | 12246 ||| INVOKING Heroism.
 12247 | Lair:5   | 12247 ||| SWAPPING to -2 demon whip of venom.
 12248 | Lair:5   | 12248 ||| INVOKING Finesse.
 12255 | Lair:5   | 12255 ||| SWAPPING to +4 broad axe of Burning
                  | Responsibility {speed, rN+}.
 12423 | Lair:5   | 12423 ||| Stepping ~*~*~tactically~*~*~ (hiding).
 12438 | Lair:5   | Reached skill level 3 in Throwing
 12441 | Lair:5   | 12441 ||| Stepping ~*~*~tactically~*~*~ (hiding).
 12506 | Lair:5   | 12506 ||| Stepping ~*~*~tactically~*~*~ (stealth).
 12507 | Lair:5   | 12507 ||| Stepping ~*~*~tactically~*~*~ (stealth).
 12509 | Lair:5   | 12509 ||| DROPPING amulet of the acrobat.
 12557 | Lair:5   | 12557 ||| INVOKING Heroism.
 12561 | Lair:5   | 12561 ||| INVOKING Finesse.
 12572 | Lair:5   | Received a gift from Okawaru
 12572 | Lair:5   | Found the +2 cloak of the Thief {*Fog Slay-2 SInv Stlth+}
 12580 | Lair:5   | 12580 ||| Stepping ~*~*~tactically~*~*~ (stealth).
 12783 | Lair:5   | 12783 ||| Stepping ~*~*~tactically~*~*~ (stealth).
 12790 | Lair:5   | Reached skill level 15 in Shields
 12821 | Lair:5   | 12821 ||| Stepping ~*~*~tactically~*~*~ (hiding).
 12822 | Lair:5   | 12822 ||| INVOKING Heroism.
 13015 | Lair:5   | 13015 ||| PLANNING D:1-11
 13015 | Lair:5   | 13015 ||| UPGRADING to +2 cloak of the Thief {*Fog Slay-2
                  | SInv Stlth+}.
 13020 | Lair:5   | 13020 ||| REMOVING ring of see invisible.
 13021 | Lair:5   | 13021 ||| UPGRADING to ring of willpower.
 13022 | Lair:5   | 13022 ||| UPGRADING to +6 ring of dexterity.
 13024 | Lair:5   | 13024 ||| READING 9 scrolls of identify.
 13024 | Lair:5   | 13024 ||| IDENTIFYING silvery potion
 13108 | D:9      | 13108 ||| INVOKING Heroism.
 13133 | D:9      | Reached XP level 15. HP: 81/94 MP: 22/22
 13152 | D:9      | 13152 ||| Stepping ~*~*~tactically~*~*~ (stealth).
 13157 | D:9      | Found a bloodstained altar of Trog.
 13176 | D:9      | 13176 ||| INVOKING Heroism.
 13274 | D:9      | 13274 ||| Stepping ~*~*~tactically~*~*~ (stealth).
 13276 | D:9      | 13276 ||| INVOKING Heroism.
 13289 | D:9      | Reached skill level 9 in Armour
 13357 | D:9      | Found Adeocw's Armour Emporium.
 13363 | D:9      | 13363 ||| BUYING +2 helmet (214 gold).
 13363 | D:9      | Bought a +2 helmet for 214 gold pieces
 13396 | D:9      | 13396 ||| Stepping ~*~*~tactically~*~*~ (stealth).
 13400 | D:9      | 13400 ||| Stepping ~*~*~tactically~*~*~ (stealth).
 13402 | D:9      | 13402 ||| INVOKING Heroism.
 13592 | D:9      | 13592 ||| Stepping ~*~*~tactically~*~*~ (stealth).
 13720 | D:9      | 13720 ||| UPGRADING to +2 helmet.
 13730 | D:9      | 13730 ||| DROPPING +0 helmet.
 13731 | D:9      | 13731 ||| DROPPING +6 ring of intelligence.
 13761 | D:10     | Entered Level 10 of the Dungeon
 13768 | D:10     | 13768 ||| INVOKING Heroism.
 13790 | D:10     | 13790 ||| Stepping ~*~*~tactically~*~*~ (stealth).
 13796 | D:10     | 13796 ||| Stepping ~*~*~tactically~*~*~ (stealth).
 13798 | D:10     | 13798 ||| Stepping ~*~*~tactically~*~*~ (stealth).
 13802 | D:10     | 13802 ||| Stepping ~*~*~tactically~*~*~ (hiding).
 13845 | D:10     | 13845 ||| Stepping ~*~*~tactically~*~*~ (hiding).
 13851 | D:10     | 13851 ||| Stepping ~*~*~tactically~*~*~ (hiding).
 13851 | D:10     | Found a staircase to the Orcish Mines.
 13855 | D:10     | 13855 ||| INVOKING Heroism.
 14111 | D:10     | 14111 ||| INVOKING Heroism.
 14308 | D:11     | 14308 ||| INVOKING Heroism.
 14309 | D:11     | 14309 ||| SWAPPING to -2 demon whip of venom.
 14310 | D:11     | 14310 ||| INVOKING Finesse.
 14318 | D:11     | 14318 ||| SWAPPING to +4 broad axe of Burning
                  | Responsibility {speed, rN+}.
 14320 | D:11     | 14320 ||| SWAPPING to -2 demon whip of venom.
 14332 | D:11     | 14332 ||| SWAPPING to +4 broad axe of Burning
                  | Responsibility {speed, rN+}.
 14389 | D:11     | 14389 ||| INVOKING Heroism.
 14460 | D:11     | 14460 ||| INVOKING Heroism.
 14537 | D:11     | 14537 ||| Stepping ~*~*~tactically~*~*~ (stealth).
 14539 | D:11     | 14539 ||| INVOKING Heroism.
 14595 | D:11     | You are sucked into a shaft and drop 3 floors!
 14600 | D:14     | 14600 ||| INVOKING Heroism.
 14604 | D:14     | Received a gift from Okawaru
 14645 | D:13     | 14645 ||| INVOKING Finesse.
 14653 | D:13     | 14653 ||| SWAPPING to -2 demon whip of venom.
 14667 | D:13     | 14667 ||| SWAPPING to +4 broad axe of Burning
                  | Responsibility {speed, rN+}.
 14728 | D:12     | 14728 ||| INVOKING Heroism.
 14746 | D:12     | Reached skill level 15 in Axes
 14805 | D:12     | 14805 ||| INVOKING Heroism.
 14889 | D:12     | 14889 ||| Stepping ~*~*~tactically~*~*~ (stealth).
 14890 | D:12     | 14890 ||| Stepping ~*~*~tactically~*~*~ (stealth).
 15056 | D:12     | 15056 ||| READING scroll labelled ZYSTABOBUE.
 15108 | D:11     | Noticed Fannar
 15129 | D:11     | Killed Fannar
 15143 | D:11     | 15143 ||| Stepping ~*~*~tactically~*~*~ (stealth).
 15145 | D:11     | 15145 ||| Stepping ~*~*~tactically~*~*~ (stealth).
 15165 | D:11     | Identified the +12 dagger of Disharmony {pain, rElec Str+5}
                  | (Okawaru gifted it to you on level 11 of the Dungeon)
 15165 | D:11     | Received a gift from Okawaru
 15487 | D:11     | 15487 ||| PLANNING D
 15729 | D:13     | 15729 ||| Stepping ~*~*~tactically~*~*~ (hiding).
 15791 | D:13     | Found a gate to the Vaults.
 16026 | D:13     | 16026 ||| INVOKING Heroism.
 16132 | D:13     | 16132 ||| INVOKING Heroism.
 16133 | D:13     | 16133 ||| INVOKING Finesse.
 16135 | D:13     | 16135 ||| SWAPPING to -2 demon whip of venom.
 16141 | D:13     | 16141 ||| SWAPPING to +4 broad axe of Burning
                  | Responsibility {speed, rN+}.
 16231 | D:13     | Reached skill level 12 in Fighting
 16273 | D:13     | 16273 ||| Stepping ~*~*~tactically~*~*~ (hiding).
 16274 | D:13     | 16274 ||| Stepping ~*~*~tactically~*~*~ (hiding).
 16879 | D:14     | 16879 ||| INVOKING Heroism.
 16883 | D:14     | 16883 ||| SWAPPING to -2 demon whip of venom.
 16884 | D:14     | 16884 ||| INVOKING Finesse.
 16891 | D:14     | 16891 ||| SWAPPING to +4 broad axe of Burning
                  | Responsibility {speed, rN+}.
 16938 | D:14     | 16938 ||| INVOKING Heroism.
 17061 | D:14     | 17061 ||| INVOKING Heroism.
 17065 | D:14     | 17065 ||| SWAPPING to -2 demon whip of venom.
 17066 | D:14     | 17066 ||| INVOKING Finesse.
 17069 | D:14     | 17069 ||| Stepping ~*~*~tactically~*~*~ (outnumbered).
 17078 | D:14     | Reached XP level 16. HP: 101/101 MP: 16/23
 17078 | D:14     | 17078 ||| SWAPPING to +4 broad axe of Burning
                  | Responsibility {speed, rN+}.
 17557 | D:14     | 17557 ||| Stepping ~*~*~tactically~*~*~ (hiding).
 17559 | D:14     | 17559 ||| INVOKING Heroism.
 17675 | D:15     | Entered Level 15 of the Dungeon
 17705 | D:15     | 17705 ||| INVOKING Heroism.
 17754 | D:15     | 17754 ||| INVOKING Heroism.
 17756 | D:15     | 17756 ||| Stepping ~*~*~tactically~*~*~ (hiding).
 17784 | D:15     | 17784 ||| Stepping ~*~*~tactically~*~*~ (stealth).
 17787 | D:15     | Received a gift from Okawaru
 17788 | D:15     | 17788 ||| Stepping ~*~*~tactically~*~*~ (hiding).
 17828 | D:15     | 17828 ||| INVOKING Heroism.
 17835 | D:15     | Received a gift from Okawaru
 17895 | D:15     | 17895 ||| Stepping ~*~*~tactically~*~*~ (hiding).
 17896 | D:15     | 17896 ||| Stepping ~*~*~tactically~*~*~ (hiding).
 17896 | D:15     | Noticed Azrael
 17897 | D:15     | 17897 ||| Stepping ~*~*~tactically~*~*~ (stealth).
 17899 | D:15     | 17899 ||| INVOKING Heroism.
 17900 | D:15     | 17900 ||| INVOKING Finesse.
 17916 | D:15     | Killed Azrael
 17919 | D:15     | Received a gift from Okawaru
 17971 | D:15     | 17971 ||| INVOKING Heroism.
 18425 | D:15     | 18425 ||| Stepping ~*~*~tactically~*~*~ (hiding).
 18430 | D:15     | 18430 ||| INVOKING Heroism.
 18457 | D:15     | Found a staircase to the Depths.
 18478 | D:15     | 18478 ||| PLANNING ORC
 18592 | Orc:1    | Entered Level 1 of the Orcish Mines
 18593 | Orc:1    | 18593 ||| INVOKING Heroism.
 18647 | Orc:1    | 18647 ||| Stepping ~*~*~tactically~*~*~ (hiding).
 18648 | Orc:1    | 18648 ||| Stepping ~*~*~tactically~*~*~ (hiding).
 18700 | Orc:1    | 18700 ||| INVOKING Heroism.
 18792 | Orc:1    | 18792 ||| Stepping ~*~*~tactically~*~*~ (hiding).
 18793 | Orc:1    | 18793 ||| Stepping ~*~*~tactically~*~*~ (stealth).
 18794 | Orc:1    | 18794 ||| Stepping ~*~*~tactically~*~*~ (hiding).
 18797 | Orc:1    | 18797 ||| INVOKING Heroism.
 18925 | Orc:1    | Received a gift from Okawaru
 18985 | Orc:2    | Entered Level 2 of the Orcish Mines
 18986 | Orc:2    | 18986 ||| INVOKING Heroism.
 19057 | Orc:2    | Found a staircase to the Elven Halls.
 19083 | Orc:2    | Noticed Josephine
 19086 | Orc:2    | 19086 ||| INVOKING Heroism.
 19093 | Orc:2    | Killed Josephine
 19106 | Orc:2    | Identified the +0 kite shield "Poarchecs" {rElec Regen+}
 19106 | Orc:2    | Noticed Donald
 19107 | Orc:2    | 19107 ||| INVOKING Finesse.
 19117 | Orc:2    | Killed Donald
 19119 | Orc:2    | 19119 ||| Stepping ~*~*~tactically~*~*~ (stealth).
 19269 | Orc:2    | 19269 ||| INVOKING Heroism.
 19318 | Orc:2    | 19318 ||| Stepping ~*~*~tactically~*~*~ (hiding).
 19328 | Orc:2    | 19328 ||| Stepping ~*~*~tactically~*~*~ (stealth).
 19331 | Orc:2    | 19331 ||| INVOKING Heroism.
 19342 | Orc:2    | 19342 ||| Stepping ~*~*~tactically~*~*~ (stealth).
 19366 | Orc:2    | 19366 ||| INVOKING Heroism.
 19369 | Orc:2    | Received a gift from Okawaru
 19402 | Orc:2    | 19402 ||| Stepping ~*~*~tactically~*~*~ (hiding).
 19419 | Orc:2    | 19419 ||| Stepping ~*~*~tactically~*~*~ (hiding).
 19420 | Orc:2    | 19420 ||| Stepping ~*~*~tactically~*~*~ (hiding).
 19430 | Orc:2    | 19430 ||| Stepping ~*~*~tactically~*~*~ (hiding).
 19439 | Orc:2    | 19439 ||| Stepping ~*~*~tactically~*~*~ (hiding).
 19448 | Orc:2    | 19448 ||| INVOKING Heroism.
 19467 | Orc:2    | Received a gift from Okawaru
 19706 | Orc:2    | Noticed Sonja
 19707 | Orc:2    | 19707 ||| INVOKING Finesse.
 19716 | Orc:2    | Killed Sonja
 19755 | Orc:2    | 19755 ||| Stepping ~*~*~tactically~*~*~ (hiding).
 19758 | Orc:2    | 19758 ||| Stepping ~*~*~tactically~*~*~ (hiding).
 19800 | Orc:2    | 19800 ||| Stepping ~*~*~tactically~*~*~ (hiding).
 19815 | Orc:2    | 19815 ||| INVOKING Heroism.
 20065 | Orc:2    | Found Bodextig's Assorted Antiques.
 20065 | Orc:2    | Found Plog's Distillery.
 20067 | Orc:2    | Found Nixa's Assorted Antiques.
 20067 | Orc:2    | Found Byetyhunn's Book Shoppe.
 20073 | Orc:2    | 20073 ||| BUYING potion of lignification (102 gold).
 20073 | Orc:2    | Bought a potion of lignification for 102 gold pieces
 20073 | Orc:2    | 20073 ||| BUYING scroll of enchant armour (255 gold).
 20073 | Orc:2    | Bought a scroll of enchant armour for 255 gold pieces
 20073 | Orc:2    | 20073 ||| BUYING scroll of teleportation (102 gold).
 20073 | Orc:2    | Bought a scroll of teleportation for 102 gold pieces
 20076 | Orc:2    | 20076 ||| BUYING scroll of fog (148 gold).
 20076 | Orc:2    | Bought a scroll of fog for 148 gold pieces
 20079 | Orc:2    | 20079 ||| BUYING 2 potions of attraction (84 gold).
 20079 | Orc:2    | Bought 2 potions of attraction for 84 gold pieces
 20079 | Orc:2    | 20079 ||| BUYING 2 potions of lignification (84 gold).
 20079 | Orc:2    | Bought 2 potions of lignification for 84 gold pieces
 20079 | Orc:2    | 20079 ||| BUYING potion of curing (42 gold).
 20079 | Orc:2    | Bought a potion of curing for 42 gold pieces
 20079 | Orc:2    | 20079 ||| BUYING potion of curing (42 gold).
 20079 | Orc:2    | Bought a potion of curing for 42 gold pieces
 20079 | Orc:2    | 20079 ||| BUYING potion of curing (42 gold).
 20079 | Orc:2    | Bought a potion of curing for 42 gold pieces
 20079 | Orc:2    | 20079 ||| BUYING potion of heal wounds (70 gold).
 20079 | Orc:2    | Bought a potion of heal wounds for 70 gold pieces
 20229 | Orc:1    | 20229 ||| PLANNING SWAMP:1-3
 20342 | Swamp:1  | Entered Level 1 of the Swamp
 20361 | Swamp:1  | Identified the +7 storm dragon scales of Iresuc {rElec
                  | Will+ Int+7} (Okawaru gifted it to you on level 1 of the
                  | Swamp)
 20361 | Swamp:1  | Received a gift from Okawaru
 20367 | Swamp:1  | 20367 ||| Stepping ~*~*~tactically~*~*~ (hiding).
 20368 | Swamp:1  | 20368 ||| Stepping ~*~*~tactically~*~*~ (hiding).
 20370 | Swamp:1  | 20370 ||| Stepping ~*~*~tactically~*~*~ (hiding).
 20423 | Swamp:1  | 20423 ||| Stepping ~*~*~tactically~*~*~ (stealth).
 20428 | Swamp:1  | 20428 ||| INVOKING Heroism.
 20471 | Swamp:1  | 20471 ||| INVOKING Finesse.
 20477 | Swamp:1  | 20477 ||| SWAPPING to -2 demon whip of venom.
 20479 | Swamp:1  | 20479 ||| SWAPPING to +4 broad axe of Burning
                  | Responsibility {speed, rN+}.
 20755 | Swamp:1  | 20755 ||| INVOKING Heroism.
 20767 | Swamp:1  | Reached XP level 17. HP: 108/108 MP: 22/24
 20789 | Swamp:1  | 20789 ||| INVOKING Heroism.
 20790 | Swamp:1  | 20790 ||| SWAPPING to -2 demon whip of venom.
 20796 | Swamp:1  | 20796 ||| SWAPPING to +4 broad axe of Burning
                  | Responsibility {speed, rN+}.
 20874 | Swamp:1  | 20874 ||| DROPPING -2 demon whip of venom.
 20935 | Swamp:1  | 20935 ||| DROPPING +0 pair of gloves of strength.
 20936 | Swamp:1  | 20936 ||| UPGRADING to +7 storm dragon scales of Iresuc
                  | {rElec Will+ Int+7}.
 20946 | Swamp:1  | 20946 ||| DROPPING +8 chain mail of the Sun {Slay+2}.
 20969 | Swamp:2  | 20969 ||| INVOKING Heroism.
 21027 | Swamp:2  | 21027 ||| Stepping ~*~*~tactically~*~*~ (hiding).
 21082 | Swamp:2  | 21082 ||| Stepping ~*~*~tactically~*~*~ (hiding).
 21083 | Swamp:2  | 21083 ||| Stepping ~*~*~tactically~*~*~ (hiding).
 21100 | Swamp:2  | 21100 ||| FLEEEEING.
 21104 | Swamp:2  | 21104 ||| STAIRDANCE
 21228 | Swamp:2  | 21228 ||| INVOKING Heroism.
 21266 | Swamp:2  | 21266 ||| Stepping ~*~*~tactically~*~*~ (stealth).
 21269 | Swamp:2  | 21269 ||| Stepping ~*~*~tactically~*~*~ (stealth).
 21308 | Swamp:2  | 21308 ||| Stepping ~*~*~tactically~*~*~ (cloud).
 21348 | Swamp:2  | 21348 ||| INVOKING Heroism.
 21358 | Swamp:2  | Reached skill level 12 in Armour
 21533 | Swamp:2  | 21533 ||| DROPPING +2 helmet.
 21548 | Swamp:3  | 21548 ||| INVOKING Heroism.
 21643 | Swamp:3  | Noticed a tentacled monstrosity
 21646 | Swamp:3  | Found a transporter.
 21646 | Swamp:3  | Noticed a tentacled monstrosity
 21647 | Swamp:3  | Noticed qw's ghost (adept TeWr)
 21654 | Swamp:3  | Found a transporter.
 21719 | Swamp:3  | Identified the +9 great mace of Megalomania {protect, Str+8
                  | Int-2}
 21753 | Swamp:3  | 21753 ||| Stepping ~*~*~tactically~*~*~ (hiding).
 21949 | Swamp:3  | 21949 ||| Stepping ~*~*~tactically~*~*~ (hiding).
 22160 | Swamp:3  | 22160 ||| INVOKING Heroism.
 22390 | Swamp:3  | 22390 ||| PLANNING SPIDER:1-3
 22462 | Spider:1 | Entered Level 1 of the Spider Nest
 22498 | Spider:1 | 22498 ||| INVOKING Finesse.
 22499 | Spider:1 | 22499 ||| INVOKING Heroism.
 22534 | Spider:1 | Reached skill level 6 in Throwing
 22694 | Spider:1 | 22694 ||| DRINKING 10 potions of curing.
 22694 | Spider:1 | 22694 ||| (to cure confusion)
 22719 | Spider:1 | 22719 ||| Stepping ~*~*~tactically~*~*~ (stealth).
 22720 | Spider:1 | 22720 ||| Stepping ~*~*~tactically~*~*~ (stealth).
 22724 | Spider:1 | 22724 ||| DRINKING 9 potions of curing.
 22724 | Spider:1 | 22724 ||| (to cure confusion)
 22726 | Spider:1 | 22726 ||| INVOKING Heroism.
 22732 | Spider:1 | Received a gift from Okawaru
 22760 | Spider:1 | 22760 ||| Stepping ~*~*~tactically~*~*~ (stealth).
 22762 | Spider:1 | 22762 ||| INVOKING Heroism.
 22765 | Spider:1 | 22765 ||| INVOKING Finesse.
 22822 | Spider:1 | 22822 ||| Stepping ~*~*~tactically~*~*~ (stealth).
 22870 | Spider:1 | Noticed Frances
 22871 | Spider:1 | 22871 ||| INVOKING Heroism.
 22872 | Spider:1 | 22872 ||| INVOKING Finesse.
 22890 | Spider:1 | Killed Frances
 22987 | Spider:1 | You are sucked into a shaft and drop 1 floor!
 23024 | Spider:2 | Received a gift from Okawaru
 23027 | Spider:2 | 23027 ||| INVOKING Heroism.
 23092 | Spider:2 | 23092 ||| INVOKING Heroism.
 23318 | Spider:2 | Received a gift from Okawaru
 23519 | Spider:2 | 23519 ||| INVOKING Finesse.
 23683 | Spider:2 | 23683 ||| INVOKING Heroism.
 23685 | Spider:2 | 23685 ||| Stepping ~*~*~tactically~*~*~ (stealth).
 24136 | Spider:3 | 24136 ||| INVOKING Finesse.
 24147 | Spider:3 | 24147 ||| READING 11 scrolls of teleportation.
 24209 | Spider:3 | 24209 ||| INVOKING Heroism.
 24263 | Spider:3 | 24263 ||| Stepping ~*~*~tactically~*~*~ (stealth).
 24274 | Spider:3 | Reached skill level 18 in Axes
 24275 | Spider:3 | 24275 ||| Stepping ~*~*~tactically~*~*~ (stealth).
 24277 | Spider:3 | 24277 ||| Stepping ~*~*~tactically~*~*~ (stealth).
 24285 | Spider:3 | 24285 ||| Stepping ~*~*~tactically~*~*~ (stealth).
 24287 | Spider:3 | 24287 ||| INVOKING Finesse.
 24312 | Spider:3 | 24312 ||| Stepping ~*~*~tactically~*~*~ (stealth).
 24318 | Spider:3 | 24318 ||| Stepping ~*~*~tactically~*~*~ (stealth).
 24319 | Spider:3 | 24319 ||| Stepping ~*~*~tactically~*~*~ (stealth).
 24324 | Spider:3 | 24324 ||| Stepping ~*~*~tactically~*~*~ (stealth).
 24326 | Spider:3 | 24326 ||| INVOKING Heroism.
 24368 | Spider:3 | Reached XP level 18. HP: 109/114 MP: 25/25
 24387 | Spider:3 | Received a gift from Okawaru
 24389 | Spider:3 | 24389 ||| DROPPING +4 morningstar of protection.
 24392 | Spider:3 | 24392 ||| Stepping ~*~*~tactically~*~*~ (stealth).
 24444 | Spider:3 | 24444 ||| Stepping ~*~*~tactically~*~*~ (stealth).
 24446 | Spider:3 | 24446 ||| Stepping ~*~*~tactically~*~*~ (stealth).
 24448 | Spider:3 | 24448 ||| INVOKING Finesse.
 24451 | Spider:3 | 24451 ||| Stepping ~*~*~tactically~*~*~ (hiding).
 24569 | Spider:3 | 24569 ||| INVOKING Heroism.
 24631 | Spider:3 | 24631 ||| Stepping ~*~*~tactically~*~*~ (hiding).
 24636 | Spider:3 | 24636 ||| INVOKING Finesse.
 24742 | Spider:3 | 24742 ||| Stepping ~*~*~tactically~*~*~ (stealth).
 24749 | Spider:3 | 24749 ||| Stepping ~*~*~tactically~*~*~ (stealth).
 24769 | Spider:3 | 24769 ||| Stepping ~*~*~tactically~*~*~ (stealth).
 24770 | Spider:3 | 24770 ||| INVOKING Heroism.
 24812 | Spider:3 | 24812 ||| Stepping ~*~*~tactically~*~*~ (stealth).
 24814 | Spider:3 | 24814 ||| Stepping ~*~*~tactically~*~*~ (stealth).
 24818 | Spider:3 | 24818 ||| Stepping ~*~*~tactically~*~*~ (stealth).
 24859 | Spider:3 | 24859 ||| Stepping ~*~*~tactically~*~*~ (hiding).
 24912 | Spider:3 | Received a gift from Okawaru
 24974 | Spider:3 | Noticed Aizul
 24977 | Spider:3 | 24977 ||| INVOKING Heroism.
 24980 | Spider:3 | 24980 ||| INVOKING Finesse.
 25000 | Spider:3 | Killed Aizul
 25040 | Spider:3 | 25040 ||| INVOKING Finesse.
 25486 | Spider:3 | 25486 ||| Stepping ~*~*~tactically~*~*~ (stealth).
 25488 | Spider:3 | 25488 ||| Stepping ~*~*~tactically~*~*~ (stealth).
 25491 | Spider:3 | 25491 ||| INVOKING Heroism.
 25692 | Spider:3 | 25692 ||| INVOKING Heroism.
 25719 | Spider:3 | 25719 ||| Stepping ~*~*~tactically~*~*~ (stealth).
 26043 | Spider:3 | 26043 ||| PLANNING SWAMP:4
 26043 | Spider:3 | 26043 ||| DROPPING ring of wizardry.
 26203 | Swamp:4  | Entered Level 4 of the Swamp
 26204 | Swamp:4  | 26204 ||| INVOKING Heroism.
 26215 | Swamp:4  | Reached skill level 18 in Shields
 26277 | Swamp:4  | 26277 ||| INVOKING Heroism.
 26343 | Swamp:4  | 26343 ||| INVOKING Heroism.
 26443 | Swamp:4  | 26443 ||| Stepping ~*~*~tactically~*~*~ (hiding).
 26557 | Swamp:4  | 26557 ||| INVOKING Heroism.
 26564 | Swamp:4  | Reached skill level 6 in Dodging
 26618 | Swamp:4  | 26618 ||| INVOKING Heroism.
 26639 | Swamp:4  | Received a gift from Okawaru
 26704 | Swamp:4  | 26704 ||| INVOKING Heroism.
 26871 | Swamp:4  | 26871 ||| INVOKING Heroism.
 26874 | Swamp:4  | 26874 ||| Stepping ~*~*~tactically~*~*~ (stealth).
 26896 | Swamp:4  | 26896 ||| Stepping ~*~*~tactically~*~*~ (hiding).
 26917 | Swamp:4  | Noticed the 27-headed Lernaean hydra
 26921 | Swamp:4  | Killed the 27-headed Lernaean hydra
 26928 | Swamp:4  | 26928 ||| FLEEEEING.
 26929 | Swamp:4  | 26929 ||| FLEEEEING.
 26930 | Swamp:4  | 26930 ||| FLEEEEING.
 26934 | Swamp:4  | 26934 ||| FLEEEEING.
 26935 | Swamp:4  | 26935 ||| FLEEEEING.
 26940 | Swamp:4  | 26940 ||| FLEEEEING.
 26941 | Swamp:4  | 26941 ||| FLEEEEING.
 26942 | Swamp:4  | 26942 ||| FLEEEEING.
 26943 | Swamp:4  | 26943 ||| STAIRDANCE
 26975 | Swamp:4  | 26975 ||| Stepping ~*~*~tactically~*~*~ (hiding).
 26998 | Swamp:4  | 26998 ||| INVOKING Heroism.
 26999 | Swamp:4  | 26999 ||| Stepping ~*~*~tactically~*~*~ (hiding).
 27002 | Swamp:4  | 27002 ||| Stepping ~*~*~tactically~*~*~ (hiding).
 27022 | Swamp:4  | Reached skill level 15 in Fighting
 27041 | Swamp:4  | 27041 ||| INVOKING Heroism.
 27174 | Swamp:4  | Got a decaying rune of Zot
 27247 | Swamp:4  | 27247 ||| Stepping ~*~*~tactically~*~*~ (hiding).
 27336 | Swamp:4  | 27336 ||| INVOKING Heroism.
 27404 | Swamp:4  | 27404 ||| PLANNING VAULTS:1-4
 27404 | Swamp:4  | 27404 ||| UPGRADING to ring of willpower.
 27616 | Vaults:1 | Entered Level 1 of the Vaults
 27667 | Vaults:1 | Found Wazeschemm's Armour Boutique.
 27677 | Vaults:1 | 27677 ||| BUYING +0 helmet of the Eagle {Slay+3} (313
                  | gold).
 27677 | Vaults:1 | Bought the +0 helmet of the Eagle {Slay+3} for 313 gold
                  | pieces
 27677 | Vaults:1 | 27677 ||| BUYING +2 helmet of see invisible (279 gold).
 27677 | Vaults:1 | Bought a +2 helmet of see invisible for 279 gold pieces
 27750 | Vaults:1 | 27750 ||| INVOKING Heroism.
 27818 | Vaults:1 | 27818 ||| INVOKING Heroism.
 27822 | Vaults:1 | Received a gift from Okawaru
 27909 | Vaults:1 | 27909 ||| INVOKING Heroism.
 27913 | Vaults:1 | 27913 ||| Stepping ~*~*~tactically~*~*~ (hiding).
 27988 | Vaults:1 | 27988 ||| INVOKING Heroism.
 27999 | Vaults:1 | Reached XP level 19. HP: 119/124 MP: 24/26
 28127 | Vaults:1 | 28127 ||| INVOKING Heroism.
 28139 | Vaults:1 | Identified the +11 hand axe "Giantbane" {flame, rN+}
                  | (Okawaru gifted it to you on level 1 of the Vaults)
 28139 | Vaults:1 | Received a gift from Okawaru
 28219 | Vaults:1 | 28219 ||| Stepping ~*~*~tactically~*~*~ (stealth).
 28221 | Vaults:1 | 28221 ||| Stepping ~*~*~tactically~*~*~ (hiding).
 28230 | Vaults:1 | 28230 ||| Stepping ~*~*~tactically~*~*~ (hiding).
 28233 | Vaults:1 | 28233 ||| INVOKING Heroism.
 28236 | Vaults:1 | 28236 ||| Stepping ~*~*~tactically~*~*~ (hiding).
 28406 | Vaults:1 | 28406 ||| Stepping ~*~*~tactically~*~*~ (stealth).
 28424 | Vaults:1 | Reached skill level 9 in Throwing
 28456 | Vaults:1 | Received a gift from Okawaru
 28587 | Vaults:1 | 28587 ||| INVOKING Heroism.
 28692 | Vaults:1 | 28692 ||| Stepping ~*~*~tactically~*~*~ (hiding).
 28693 | Vaults:1 | 28693 ||| Stepping ~*~*~tactically~*~*~ (hiding).
 28731 | Vaults:1 | 28731 ||| Stepping ~*~*~tactically~*~*~ (stealth).
 28735 | Vaults:1 | 28735 ||| INVOKING Heroism.
 28891 | Vaults:1 | 28891 ||| INVOKING Heroism.
 28939 | Vaults:1 | 28939 ||| INVOKING Heroism.
 28988 | Vaults:1 | 28988 ||| INVOKING Heroism.
 28997 | Vaults:1 | HP: 1/125 [vault warden/+2 bardiche of venom (38)]
 28998 | Vaults:1 | 28998 ||| READING 11 scrolls of teleportation.
 28998 | Vaults:1 | Annihilated by a vault warden

Levels and vault maps discovered:
D:1:      scummos_arrival_simple_fountains, layout_basic,
          shapermc_ecumenical_altar_mp_urbaneastern
D:2:      layout_basic, basic_altar
D:3:      minmay_wonky_spiral, layout_basic, uniq_sigmund
D:4:      layout_loops_cross, kennysheep_generic_room_4
D:5:      layout_cave_pools, kennysheep_little_box, makhleb_grotto_becter,
          minmay_ogre_servants
D:6:      layout_loops_ring, mainiacjoe_overflow_concentric_impassable,
          minmay_temple_entry_stoned_glass, serial_shops,
          nicolae_shop_statue_plus, grunt_ministairs_10
D:7:      layout_basic, nicolae_ossuary_entry_catacombs, serial_shops,
          nicolae_shop_trees, hangedman_decor_opposing
D:8:      layout_layer_cave, grunt_temple_overflow_holy_war,
          nicolae_ru_awakened_eye, dpeg_lair_monsters
D:9:      layout_basic, mainiacjoe_overflow_chevrons, serial_shops,
          nicolae_shop_hallway_plus
D:10:     layout_roguey, erik_orc_4
D:11:     layout_irregular_city, serial_undead, serial_undead_b,
          serial_undead_d, serial_undead_f, serial_undead_a, uniq_fannar
D:12:     layout_small_grid
D:13:     layout_stronghold, david_vaults_2, hangedman_abyss_or_decor_clamps
D:14:     layout_basic, kennysheep_nub, serial_aquarium, aquarium_bridge_square
          [aquarium_subvault_bridge, aquarium_subvault_balcony,
          aquarium_subvault_bridge, aquarium_subvault_bridge],
          aquarium_window_corner, aquarium_window_fake, aquarium_view_2b,
          aquarium_view_2e, aquarium_balcony_double_1, aquarium_pool_2,
          lightli_fourway_metalbox
D:15:     grunt_enter_depths_hoard, layout_basic, roderic_roman_lattice,
          uniq_azrael
Temple:   nicolae_temple_bog_church
Lair:1:   layout_cave_pods, infiniplex_staircase_pool_2, serial_bayou_shore_b
Lair:2:   layout_regular_city, minmay_swamp_entry_swarm, spider_nest_entry_webs,
          cheibrodos_lair_lostbears, uniq_erica, uniq_amaemon
Lair:3:   layout_misc_corridors, grunt_forest_stairs_clearing,
          lemuel_fruit_fields
Lair:4:   layout_regular_city, serial_forest, infiniplex_forest_clump_long,
          infiniplex_forest_clump_tiny, infiniplex_forest_fountain,
          infiniplex_forest_pool, infiniplex_forest_straight_4,
          infiniplex_forest_lined_2, infiniplex_forest_clump_tiny,
          infiniplex_forest_end_3, infiniplex_forest_lined_4_way,
          infiniplex_forest_end_1, st_stairs_6, bobbens_dragon_lair_wall
Lair:5:   hangedman_lair_tendril_chambers, layout_cave_pods,
          guppyfry_lair_end_dragon, slime_entry_1
Swamp:1:  layout_basic_swamp, evilmike_swamp_ruin_house_3, swamp_pool2
Swamp:2:  nicolae_swamp_wrong_neighborhood, layout_falls_marsh,
          evilmike_swamp_ruin_house_1
Swamp:3:  layout_basic_swamp, gammafunk_ghost_arena, nicolae_swamp_dense_foliage
Swamp:4:  swamp_old_school, layout_basic_swamp
Spider:1: layout_spider_delve, uniq_frances
Spider:2: layout_cave_pods
Spider:3: layout_chambers, spiders_nest_ghost_moth_duel, uniq_aizul
Orc:1:    layout_diamond_mine, bh_open_orc_temple
Orc:2:    grunt_orc_tribal_feast, layout_caves, minmay_orc_temple_c, uniq_sonja,
          uniq_donald, uniq_josephine
Vaults:1: v_misc_28, ontoclasm_vaults_shout, v_rooms_5, v_misc_2,
          vaults_dpeg_emergency_exit, vaults_mumra_chevron, v_misc_14,
          ontoclasm_vaults_chip, serial_ice_b, layout_vaults_quadrants,
          serial_shops, nicolae_shop_statue_plus

Skill      XL: |  1  2  3  4  5  6  7  8  9 10 11 12 13 14 15 16 17 18 19 |
---------------+----------------------------------------------------------+-----
Axes           | 2 3 5 6 7 8 9 10 11 12 14 15 17 18 | 18.0
Fighting       | 4 5 7 8 10 11 12 13 15 16 | 16.0
Dodging        | 1 2 4 5 6 |  6.0
Throwing       | 1 2 4 5 7 8 9 |  9.0
Shields        | 6 8 9 10 11 15 16 17 18 | 18.8
Armour         | 4 5 6 8 10 12 14 | 14.3
Invocations    | 4 8 10 | 10.0

Action                   |  1- 3 |  4- 6 |  7- 9 | 10-12 | 13-15 | 16-18 | 19-21 || total
-------------------------+-------+-------+-------+-------+-------+-------+-------++-------
Melee: War axe           |   122 |    90 |   358 |       |       |       |       ||   570
       Broad axe         |       |       |    28 |   329 |   999 |  1658 |   311 ||  3325
       Demon whip        |       |       |       |     8 |    89 |     5 |       ||   102
Throw: Boomerang         |       |       |    32 |    58 |   107 |    50 |       ||   247
       Javelin           |       |       |       |       |    46 |   181 |     9 ||   236
Invok: Heroism           |       |       |     2 |    20 |    39 |    53 |     7 ||   121
       Finesse           |       |       |       |     2 |    12 |    14 |       ||    28
  Use: Scroll            |     7 |     6 |     9 |     3 |     2 |     1 |     1 ||    29
       Potion            |     2 |     1 |     4 |       |     1 |     2 |       ||    10
Armor: Scale mail        |    55 |    17 |       |       |       |       |       ||    72
       Chain mail        |       |    18 |   117 |   107 |   302 |    80 |       ||   624
       Plate armour      |       |       |   106 |       |       |       |       ||   106
       Storm dragon scal |       |       |       |       |       |   503 |   114 ||   617
Dodge: Dodged            |    42 |    30 |    90 |    88 |   210 |   455 |    66 ||   981
Block: Buckler           |    24 |    17 |    16 |       |       |       |       ||    57
       Kite shield       |       |       |   138 |   147 |   113 |       |       ||   398
       Tower shield      |       |       |       |       |   557 |  1175 |   219 ||  1951

Table legend:
 A = Non-vault XP
 B = Vault XP
 C = Vault XP percentage of total XP
 D = Non-vault monster count
 E = Vault monster count
 F = Vault count percentage of total count
                 A         B        C        D         E       F
            +---------+---------+-------+---------+---------+-------
      Total |  243082 |  121096 |  33.3 |     825 |     358 |  30.3
            +---------+---------+-------+---------+---------+-------
        D:1 |      17 |       0 |   0.0 |       8 |       0 |   0.0
        D:2 |      34 |       0 |   0.0 |      12 |       0 |   0.0
        D:3 |      58 |     250 |  81.2 |      24 |       5 |  17.2
        D:4 |     459 |       4 |   0.9 |      23 |       2 |   8.0
        D:5 |     779 |     365 |  31.9 |      19 |      16 |  45.7
        D:6 |     971 |       3 |   0.3 |      15 |       1 |   6.2
        D:7 |     547 |     225 |  29.1 |      12 |      11 |  47.8
        D:8 |    1412 |    7276 |  83.7 |      32 |       9 |  22.0
        D:9 |    4039 |       0 |   0.0 |      28 |       0 |   0.0
       D:10 |    2102 |     567 |  21.2 |      11 |      18 |  62.1
       D:11 |    5283 |    5522 |  51.1 |      17 |      13 |  43.3
       D:12 |    4803 |       0 |   0.0 |      15 |       0 |   0.0
       D:13 |    9158 |    1620 |  15.0 |      23 |       3 |  11.5
       D:14 |   12927 |    2347 |  15.4 |      21 |       4 |  16.0
       D:15 |   15009 |    3828 |  20.3 |      35 |       9 |  20.5
     Lair:1 |    6817 |       0 |   0.0 |      30 |       0 |   0.0
     Lair:2 |    7047 |    4800 |  40.5 |      28 |      16 |  36.4
     Lair:3 |   12549 |     985 |   7.3 |      45 |       6 |  11.8
     Lair:4 |    8368 |    6806 |  44.9 |      34 |      22 |  39.3
     Lair:5 |   10328 |   13732 |  57.1 |      33 |      56 |  62.9
    Swamp:1 |    8363 |       0 |   0.0 |      17 |       0 |   0.0
    Swamp:2 |   11194 |    5015 |  30.9 |      24 |       5 |  17.2
    Swamp:3 |    6228 |       0 |   0.0 |      15 |       0 |   0.0
    Swamp:4 |   18589 |   17606 |  48.6 |      33 |      24 |  42.1
   Spider:1 |   11978 |    1487 |  11.0 |      30 |       1 |   3.2
   Spider:2 |   17464 |       0 |   0.0 |      42 |       0 |   0.0
   Spider:3 |   29650 |    4090 |  12.1 |      73 |       8 |   9.9
      Orc:1 |    4154 |    1068 |  20.5 |      40 |       6 |  13.0
      Orc:2 |    4873 |   12584 |  72.1 |      45 |      62 |  57.9
   Vaults:1 |   27882 |   30291 |  52.1 |      41 |      48 |  53.9
    Ossuary |       0 |     625 | 100.0 |       0 |      13 | 100.0
            +---------+---------+-------+---------+---------+-------
